 Dungeon Crawl Stone Soup version 0.19.1-1-g22dce08 (webtiles) character file.

146 Gargoyl the Skirmisher (level 5, -4/46 HPs)
             Began as a Ghoul Abyssal Knight on Dec 30, 2016.
             Was a Follower of Lugonu.
             Slain by a gnoll
             ... wielding a +0 flail
              (6 damage)
             ... on level 4 of the Dungeon.
             The game lasted 00:05:20 (2413 turns).

Gargoyl the Skirmisher (Ghoul Abyssal Knight)       Turns: 2413, Time: 00:05:21

Health: -4/46      AC: 11    Str: 21    XL:     5   Next: 28%
Magic:  6/6        EV:  8    Int:  7    God:    Lugonu [*.....]
Gold:   194        SH:  0    Dex:  9    Spells: 0 memorised, 4 levels left

rFire  . . .     SeeInvis .     d - +4 long sword
rCold  + . .     Gourm    .     s - +2 chain mail {rPois}
rNeg   + + +     Faith    .     (no shield)
rPois  ∞         Spirit   .     (no helmet)
rElec  .         Reflect  .     (no cloak)
rCorr  .         Harm     .     (no gloves)
MR     .....                    (no boots)
Stlth  ..........               (no amulet)
                                (no ring)
                                i - ring of flight

@: mighty, rotting
A: rotting body, claws 1, carnivore 3, cold resistance 1, negative energy
resistance 3, slow regeneration 1, torment resistance, unbreathing
a: Depart the Abyss, Renounce Religion, Evoke Flight


You were on level 4 of the Dungeon.
You worshipped Lugonu.
Lugonu was aware of your devotion.
You were not hungry.

You visited 1 branch of the dungeon, and saw 4 of its levels.
You visited the Abyss 1 time.

You collected 194 gold pieces.

Inventory:

Hand Weapons
 a - a +1 hand axe
 d - a +4 long sword (weapon)
Armour
 s - a +2 chain mail of poison resistance (worn)
Jewellery
 i - a ring of flight (left claw)
Scrolls
 b - a scroll of amnesia {unknown}
 e - 2 scrolls of identify {unknown}
 f - a scroll of noise {unknown}
 g - a scroll of teleportation {unknown}
 h - 2 scrolls of fog
 n - a scroll of enchant armour {unknown}
 o - a scroll of remove curse
 r - a scroll of magic mapping {unknown}
Potions
 k - a potion of might
 m - a potion of cure mutation
 p - a potion of haste {unknown}
Comestibles
 c - 2 meat rations
 l - 2 beef jerkies
 q - a royal jelly


   Skills:
 + Level 4.1 Fighting
 + Level 1.9 Long Blades
 - Level 1.9 Axes
 * Level 3.1 Armour
 + Level 1.2 Dodging
 * Level 2.7 Invocations


You had 4 spell levels left.
You didn't know any spells.

Dungeon Overview and Level Annotations

Branches:
Dungeon (4/15)
 Temple: D:4-7

Altars:
Ashenzari
Gozag
Kikubaaqudgha
Nemelex Xobeh
Qazlal
Ru
Sif Muna
Xom
Yredelemnul
Zin
The Shining One


Innate Abilities, Weirdness & Mutations

Your body is rotting away.
You thrive on raw meat.
You are immune to poison.
You have sharp fingernails.
You are carnivorous and can eat meat at any time.
Your flesh is cold resistant. (rC+)
You are immune to negative energy. (rN+++)
You regenerate slowly when monsters are visible.
You are immune to unholy pain and torment.
You can survive without breathing.


Message History

The worker ant bites you but does no damage.
The gnoll closely misses you.
It was a potion of might.
You feel very mighty all of a sudden. The worker ant barely misses you.
The howler monkey skeleton hits you but does no damage.
The gnoll closely misses you.
You slash the worker ant!
The worker ant is almost dead.
The worker ant bites you.
* * * LOW HITPOINT WARNING * * *
The howler monkey skeleton hits you but does no damage.
The gnoll barely misses you.
The worker ant bites you but does no damage.
It was a potion of cure mutation.
It has a very clean taste.
The howler monkey skeleton hits you but does no damage.
The worker ant barely misses you.
It was a potion of lignification.
You feel woody for a moment. The gnoll hits you with a flail.
You die...

!.# ..# ...
#.# ##.
#.###....
######.....#..
#.....)......#
#..Zga##.....#
#...@%# .....
#.....# ..##
#...<.# .#
###.### # #.
.. ... #...
#...


You could see a worker ant, a gnoll and a howler monkey skeleton.

Vanquished Creatures
  A hound (D:3)
  2 gnolls (D:4)
  3 adders (D:2)
  2 worms
  A dart slug (D:2)
  3 leopard geckos (D:2)
  6 orcs (D:3)
  2 giant cockroaches
  6 hobgoblins
  A quokka (D:3)
  2 ball pythons
  4 bats
  4 frilled lizards (D:2)
  8 goblins
  6 kobolds
  4 rats
55 creatures vanquished.

Notes
Turn   | Place    | Note
-------+----------+-------------------------------------------
     0 | Abyss:1  | Gargoyl the Ghoul Abyssal Knight began the quest for the Orb.
     0 | Abyss:1  | Reached XP level 1. HP: 19/19 MP: 1/1
    11 | Abyss:2  | Found a corrupted altar of Lugonu.
    24 | Abyss:2  | Noticed a flying skull
    24 | Abyss:2  | Noticed a flying skull
    25 | Abyss:2  | Noticed a flying skull
    26 | Abyss:2  | Noticed a flying skull
    26 | Abyss:2  | Noticed a flying skull
    27 | D:1      | Escaped the Abyss
   528 | D:1      | Reached XP level 2. HP: 26/26 MP: 2/2
   582 | D:1      | Found a glowing golden altar of the Shining One.
   689 | D:1      | Reached skill level 1 in Dodging
   875 | D:2      | Reached XP level 3. HP: 32/33 MP: 3/3
   947 | D:2      | Reached * piety under Lugonu
  1088 | D:2      | Reached skill level 1 in Long Blades
  1216 | D:2      | Reached skill level 4 in Fighting
  1410 | D:2      | Found a shimmering altar of Xom.
  1417 | D:2      | Reached XP level 4. HP: 40/40 MP: 4/4
  1422 | D:2      | Found an opulent altar of Gozag.
  1423 | D:2      | Found a sacrificial altar of Ru.
  1423 | D:2      | Found a stormy altar of Qazlal.
  1424 | D:2      | Found a sparkling altar of Nemelex Xobeh.
  1425 | D:2      | Found a shattered altar of Ashenzari.
  1426 | D:2      | Found an ancient bone altar of Kikubaaqudgha.
  1427 | D:2      | Found a deep blue altar of Sif Muna.
  1995 | D:3      | Found a glowing silver altar of Zin.
  1996 | D:3      | Found a basalt altar of Yredelemnul.
  2121 | D:3      | Reached XP level 5. HP: 33/46 MP: 5/5
  2411 | D:4      | HP: 2/46 [worker ant (4)]
  2413 | D:4      | Slain by a gnoll

Skill      XL: |  1  2  3  4  5 |
---------------+----------------+-----
Dodging        | 1 |  1.2
Armour         | 2 3 |  3.1
Long Blades    | 1 |  1.9
Fighting       | 4 |  4.1
Axes           | |  1.9
Invocations    | |  2.7

Action                   |  1- 3 |  4- 6 || total
-------------------------+-------+-------++-------
Melee: Long sword        |    71 |    67 ||   138
Invok: Depart the Abyss  |     1 |       ||     1
  Use: Scroll            |     2 |     1 ||     3
       Potion            |       |     3 ||     3
  Eat: Chunk             |    12 |    13 ||    25
Armor: Ring mail         |    27 |     8 ||    35
       Scale mail        |       |    14 ||    14
       Chain mail        |       |    21 ||    21
Dodge: Dodged            |    41 |    47 ||    88
       Rpst.: Long sword |     8 |    15 ||    23
